AoeStats
← K

Runestones

508411009Analyzed
1v1 RM · 10d ago on Sep 22, 2026· 37m 43s· 2 players
Game mode
Random Map
Map size
Tiny (2 player)
Population
200
Speed
Normal
Resources
Standard
Victory
Conquest
Starting age
Dark Age
Ending age
Imperial Age
RankedLock teamsTeams togetherTeam positionsShared explorationLock speedFull tech treeHidden civsTurbo modeCheats
Victory
Defeat
🇬🇧 Persians · United Kingdom
999
+51
🇫🇷 Turks · France
1047
-18
K
10:39 Feudal Age
10:32 Loom
14:03 Forging
20:30 Castle Age
18:48 Scale Mail Armor
21:48 Iron Casting
23:05 Chain Mail Armor
22:59 Scale Barding Armor
25:33 Chain Barding Armor
25:14 Double-Bit Axe
26:10 Town Watch
27:22 Husbandry
27:33 Bloodlines
27:16 Fletching
bru ofcris
9:44 Feudal Age
11:52 Double-Bit Axe
16:54 Bloodlines
18:00 Forging
19:44 Wheelbarrow
19:08 Fletching
22:56 Castle Age
21:41 Scale Barding Armor
22:32 Padded Archer Armor
24:05 Thumb Ring
23:21 Crossbowman
24:33 Husbandry
25:15 Bow Saw
26:35 Hand Cart
26:21 Bodkin Arrow
27:02 Iron Casting
26:58 Loom
30:27 Town Watch
31:36 Leather Archer Armor
33:20 Town Patrol
35:13 Ballistics
Connection lost

Rejoining the realm…

Still unreachable

The connection could not be restored.

Session expired

The server has moved on; the page needs a fresh start.